 Dungeon Crawl Stone Soup version 0.30.1-11-g7821555f0a (webtiles) character file.

Game seed: 8325513047357682150

18 hawla the Conjurer (level 2, -1/20 HPs)
             Began as a Draconian Conjurer on Jan 8, 2024.
             Slain by a gnoll
             ... wielding a +0 club
              (5 damage)
             ... on level 1 of the Dungeon.
             The game lasted 00:02:22 (855 turns).

hawla the Conjurer (Draconian Conjurer)              Turns: 855, Time: 00:02:23

Health: -1/20      AC:  4    Str:  9    XL:     2   Next: 51%
Magic:  0/5        EV: 12    Int: 18    God:
Gold:   92         SH:  0    Dex:  9    Spells: 4/5 levels left

rFire   . . .        (no weapon)
rCold   . . .        (no shield)
rNeg    . . .        (body armour unavailable)
rPois   .            (helmet restricted)
rElec   .            (no cloak)
rCorr   .            (no gloves)
SInv    .            (no boots)
Will    .....        (no amulet)
Stlth   ++           (no ring)
HPRegen 0.23/turn    (no ring)
MPRegen 0.09/turn

%: no passive effects
@: no status effects
A: AC +4, unfitting armour, cold-blooded
a: no special abilities


You were on level 1 of the Dungeon.
You visited 1 branch of the dungeon, and saw 2 of its levels.

You collected 92 gold pieces.

Inventory:

Potions
 a - a potion of magic
 b - a potion of haste {unknown}
 c - a potion of invisibility {unknown}
 d - 2 potions of might {unknown}


   Skills:
 + Level 1.9 Dodging
 + Level 1.9 Stealth
 + Level 2.0 Spellcasting
 + Level 4.5 Conjurations


You had 4 spell levels left.
You knew the following spells:

 Your Spells              Type           Power      Damage    Failure   Level
a - Magic Dart            Conj           72%        1d6       2%          1

Your spell library contained the following spells:

 Spells                   Type           Power      Damage    Failure   Level
 Searing Ray              Conj           36%        2d5       4%          2
 Dazzling Flash           Conj/Hex       20%        N/A       22%         3
 Ignite Poison            Fire/Tmut/Pois 1%         N/A       47%         3
 Fulminant Prism          Conj/Hex       5%         3d7       56%         4
 Iskenderun's Mystic Bla  Conj/Tloc      10%        2d4       56%         4
 Sticky Flame             Conj/Fire      10%        2d3       56%         4
 Ignition                 Fire           0%         3d3       100%        8


Dungeon Overview and Level Annotations

Branches:
Dungeon (2/15)

Altars:


Innate Abilities, Weirdness & Mutations

Your plain brown scales are hard. (AC +4)
You cannot fit into any form of body armour.
You are cold-blooded and may be slowed by cold attacks.


Message History

The gnoll closely misses you.
You barely miss the gnoll.
Your tail-slap misses the gnoll.
The gnoll is severely wounded.
The gnoll hits you with a +0 club.
Your hobgoblin completely misses the gnoll.
The gnoll hits you with a +0 spear.
* * * LOW HITPOINT WARNING * * *
Your endoplasm hits the gnoll. The gnoll attacks as you move away!
The gnoll barely misses you.
Your hobgoblin hits the gnoll. The gnoll barely misses you.
Your endoplasm closely misses the gnoll.
There is a stone staircase leading up here.
Your hobgoblin hits the gnoll but does no damage.
The gnoll closely misses you.
Your endoplasm barely misses the gnoll.
The gnoll closely misses you.
You climb upwards.
There is a stone staircase leading down here.
Casting: Magic Dart (safe; 2% risk of failure)
Confirm with . or Enter, or press ? or * to list all spells.
Aiming: Magic Dart (safe; 2% risk of failure)
Press: ? - help, Shift-Dir - straight line, f - gnoll
Aim: a gnoll, wielding a +0 club (heavily wounded, 100% to hit)
The magic dart hits the gnoll but does no damage.
The gnoll is heavily wounded.
The gnoll hits you with a +0 club.
* * * LOW HITPOINT WARNING * * *
You closely miss the gnoll.
The gnoll is heavily wounded.
The gnoll misses you.
You closely miss the gnoll.
The gnoll is heavily wounded.
The gnoll closely misses you.
You barely miss the gnoll.
The gnoll is heavily wounded.
The gnoll hits you with a +0 club.
* * * LOW HITPOINT WARNING * * *
You closely miss the gnoll.
The gnoll is heavily wounded.
The gnoll hits you with a +0 club.
You die...

#..# #.........# #..# #..#
##......#.# #..#
#..##########....##.# #..####
#..#.............##.# #......
#..#.#########.#.##.###......
#.(#.# #.#.........####
#..#.## ###.#.#........)..
#.....## #g....#.####.#####
#..#.#.#####@###.#†# #.#
#............# #...# #.#####
##.#.#.#####.###.### #......
##...######.....# #######
##.............#
###############


You could see a gnoll.

Vanquished Creatures
  A dart slug (D:1)
  An endoplasm (D:1)
  A giant cockroach (D:1)
  A hobgoblin (D:1)
  3 jackals (D:1)
  2 quokkas
  3 bats (D:1)
  A frilled lizard (D:1)
  A goblin (D:1)
  A rat (D:1)
15 creatures vanquished.

Notes
Turn   | Place    | Note
-------+----------+-------------------------------------------
     0 | D:1      | hawla the Draconian Conjurer began the quest for the Orb.
     0 | D:1      | Reached XP level 1. HP: 14/14 MP: 3/3
   286 | D:1      | Reached XP level 2. HP: 20/20 MP: 0/5
   855 | D:1      | Slain by a gnoll

Illustrated notes

Levels and vault maps discovered:
D:1:      amcnicky_arrival_single_pillar, layout_loops_ring, hex_medium
D:2:      layout_rooms, basic_altar, minmay_between

Action                     || total
---------------------------++-------
  Melee: Unarmed           ||    41
         Tailslap          ||     7
   Cast: Magic Dart        ||    34
    Use: Scroll            ||     1
 Armour: Skin              ||    19
  Dodge: Dodged            ||    43
